 Dungeon Crawl Stone Soup version 0.20.1-1-g8b1a95d (webtiles) character file.

293 KleinerIrrer the Shield-Bearer (level 6, 0/49 HPs)
             Began as a Formicid Fighter on July 9, 2017.
             Succumbed to Terence's poison
             ... on level 3 of the Dungeon.
             The game lasted 00:06:17 (3215 turns).

KleinerIrrer the Shield-Bearer (Formicid Fighter)   Turns: 3215, Time: 00:06:17

Health: 0/49       AC:  7    Str: 27    XL:     6   Next: 60%
Magic:  6/6        EV:  9    Int:  8    God:
Gold:   109        SH: 10    Dex: 10    Spells: 5/5 levels left

rFire    . . .     SeeInvis +   a - +0 war axe
rCold    . . .     Gourm    .   c - +0 shield
rNeg     . . .     Faith    .   b - +0 scale mail
rPois    .         Spirit   .   (helmet unavailable)
rElec    .         Reflect  .   (no cloak)
rCorr    .         Harm     .   (no gloves)
MR       .....                  (no boots)
Stlth    ..........             (no amulet)
Regen    0.2/turn               (no ring)
MPRegen  0.1/turn               (no ring)

@: mighty, lethally poisoned (0 -> -9)
A: permanent stasis, dig shafts and tunnels, four strong arms, antennae 3
a: Dig, Shaft Self


You were on level 3 of the Dungeon.
You were not hungry.

You visited 1 branch of the dungeon, and saw 3 of its levels.

You collected 109 gold pieces.

Inventory:

Hand Weapons
 a - a +0 war axe (weapon)
 d - a +2 hand axe of venom
Missiles
 g - a throwing net (quivered)
Armour
 b - a +0 scale mail (worn)
 c - a +0 shield (worn)
Wands
 m - a wand of digging (4/24)
Scrolls
 e - 3 scrolls of identify
 h - 2 scrolls of remove curse {unknown}
 j - a scroll of magic mapping {unknown}
 k - a scroll of recharging {unknown}
 l - a scroll of enchant armour {unknown}
Comestibles
 f - 3 bread rations
 i - 2 chunks of flesh
 n - a royal jelly


   Skills:
 + Level 4.4 Fighting
 + Level 4.1 Axes
 + Level 4.4 Armour
 + Level 1.2 Dodging
 + Level 4.6 Shields


You had 5 spell levels left.
You didn't know any spells.

Dungeon Overview and Level Annotations

Branches:
Dungeon (3/15)

Altars:


Innate Abilities, Weirdness & Mutations

You cannot be hasted, slowed, berserked, paralysed or teleported.
You can dig through walls and to a lower floor.
Your four strong arms can wield two-handed weapons with a shield.
You have a pair of large antennae on your head. (SInv)


Message History

* * * LOW HITPOINT WARNING * * *
You feel sick.
* * * LOW HITPOINT WARNING * * *
You feel sick.
* * * LOW HITPOINT WARNING * * *
You feel sick.
* * * LOW HITPOINT WARNING * * *
You feel sick.
* * * LOW HITPOINT WARNING * * *
You feel sick.
* * * LOW HITPOINT WARNING * * *
You feel sick.
* * * LOW HITPOINT WARNING * * *
You feel sick.
* * * LOW HITPOINT WARNING * * *
You feel sick.
A bat comes into view.
* * * LOW HITPOINT WARNING * * *
You feel sick. The bat hits you but does no damage.
You die...

......?...#'##
#########.#
.[.#'#.......#
#.........#
...#.#.......#
#.#########
...#.#.......#
### #.#
...#.#.......#
#.. #.#
...#.#.......#
#.####.#
...#.#########
#....#.#
####.#
#....#.# #.#
#@#..#.#
........#..#.#
#####.#b#..#)#
...#.#..#.#
### #.#..#[#
#.#..#.#
..#..#.#.####
###...........
#.##.#.#####


You could see a bat.

Vanquished Creatures
  Natasha (D:3)
  Jessica (D:2)
  Terence (D:3)
  Ijyb (D:3)
  Robin (D:2)
  3 gnolls (D:3)
  5 adders
  2 oozes (D:1)
  3 dart slugs
  2 worms (D:2)
  A leopard gecko (D:1)
  4 orcs (D:3)
  7 bats
  2 giant cockroaches
  17 goblins
  7 hobgoblins
  9 jackals
  A frilled lizard (D:2)
  9 kobolds
  5 rats
82 creatures vanquished.

Notes
Turn   | Place    | Note
-------+----------+-------------------------------------------
     0 | D:1      | KleinerIrrer the Formicid Fighter began the quest for the Orb.
     0 | D:1      | Reached XP level 1. HP: 18/18 MP: 1/1
    35 | D:1      | Reached XP level 2. HP: 21/24 MP: 2/2
   158 | D:1      | Reached XP level 3. HP: 24/30 MP: 3/3
  1039 | D:2      | Reached XP level 4. HP: 35/37 MP: 4/4
  1123 | D:2      | Noticed Jessica
  1136 | D:2      | Killed Jessica
  1136 | D:2      | Reached skill level 1 in Dodging
  1136 | D:2      | Reached XP level 5. HP: 33/42 MP: 5/5
  1462 | D:2      | Noticed Robin
  1569 | D:2      | Killed Robin
  1705 | D:3      | HP: 1/42 [gnoll/whip (7)]
  2579 | D:3      | Reached XP level 6. HP: 48/48 MP: 6/6
  2929 | D:3      | Noticed Natasha
  2939 | D:3      | Killed Natasha
  3175 | D:3      | Noticed Ijyb
  3181 | D:3      | Killed Ijyb
  3183 | D:3      | Noticed Terence
  3200 | D:3      | Killed Terence
  3212 | D:3      | HP: 2/49 [poisoned by Terence]
  3215 | D:3      | Succumbed to Terence's poison

Skill      XL: |  1  2  3  4  5  6 |
---------------+-------------------+-----
Shields        | 4 |  4.6
Axes           | 3 4 |  4.1
Dodging        | 1 |  1.2
Fighting       | 4 |  4.4
Armour         | 4 |  4.4

Action                   |  1- 3 |  4- 6 || total
-------------------------+-------+-------++-------
Melee: War axe           |   109 |   168 ||   277
  Use: Scroll            |       |     2 ||     2
       Potion            |       |     2 ||     2
  Eat: Chunk             |     1 |     7 ||     8
Armor: Scale mail        |    45 |    68 ||   113
Dodge: Dodged            |    39 |    58 ||    97
Block: Shield            |    62 |    96 ||   158
